 Dungeon Crawl Stone Soup version 0.21.1-1-g345015fe64 (webtiles) character file.

8755 Peloso the Carver (level 11, 0/83 HPs)
             Began as a Demonspawn Fighter on Apr 16, 2018.
             Was an Elder of Okawaru.
             Slain by a warg (6 damage)
             ... led by an orc high priest
             ... on level 10 of the Dungeon.
             The game lasted 00:26:22 (11695 turns).

Peloso the Carver (Demonspawn Fighter)             Turns: 11695, Time: 00:26:23

Health: 0/83       AC: 21    Str: 20    XL:     11   Next: 14%
Magic:  11/11      EV:  6    Int:  9    God:    Okawaru [****..]
Gold:   354        SH: 13    Dex: 16    Spells: 10/10 levels left

rFire    . . .     SeeInvis .   a - +0 long sword
rCold    . . .     Gourm    .   y - +2 shield of the Slorg {Dex+3 Stlth+}
rNeg     + . .     Faith    .   b - +1 plate armour
rPois    .         Spirit   .   B - +0 helmet
rElec    .         Reflect  .   (no cloak)
rCorr    .         Harm     .   s - +2 pair of gloves
MR       .....                  (no boots)
Stlth    ..........             (no amulet)
HPRegen  0.23/turn              m - ring of positive energy
MPRegen  0.12/turn              (no ring)

@: drained
A: hooves 2, slimy green scales 1, nightstalker 1, powered by pain 1
a: Heroism, Renounce Religion


You were on level 10 of the Dungeon.
You worshipped Okawaru.
Okawaru was greatly pleased with you.
You were near starving.

You visited 2 branches of the dungeon, and saw 11 of its levels.

You collected 629 gold pieces.
You spent 275 gold pieces at shops.

Inventory:

Hand Weapons
 a - a +0 long sword (weapon)
 A - a cursed +3 battleaxe
 D - the cursed +0 lajatang "Haudgh" {freeze, MP+9 Dex+2 SInv, unknown}
   (You found it on level 10 of the Dungeon)

   It has been specially enchanted to freeze those struck by it, causing extra
   injury to most foes and up to half again as much damage against particularly
   susceptible opponents.
   It can also slow down cold-blooded creatures.
   It affects your dexterity (+2).
   It affects your magic capacity (+9).
   It lets you see invisible.
   It has a curse placed upon it.
 I - a +0 hand crossbow
Missiles
 J - 16 bolts
Armour
 b - a +1 plate armour (worn)
 s - a +2 pair of gloves (worn)
 y - the +2 shield of the Slorg (worn) {Dex+3 Stlth+}
   (You bought it in a shop on level 7 of the Dungeon)

   It affects your dexterity (+3).
   It makes you more stealthy.
 B - a +0 helmet (worn)
Jewellery
 m - a ring of positive energy (left hand)
 K - an uncursed ring of wizardry {unknown}
Wands
 g - a wand of iceblast (7)
 q - a wand of flame (69)
Scrolls
 c - a scroll of fear
 e - 4 scrolls of remove curse
 k - 2 scrolls of silence
 n - 2 scrolls of enchant armour
 t - 5 scrolls of teleportation
 v - a scroll of fog
 C - a scroll of magic mapping {unknown}
 E - a scroll of blinking
Potions
 d - 3 potions of heal wounds
 h - 3 potions of brilliance
 i - 2 potions of mutation {unknown}
 j - 4 potions of curing {unknown}
 l - 6 potions of degeneration {unknown}
 o - a potion of haste {unknown}
 p - a potion of berserk rage {unknown}
 u - 2 potions of agility {unknown}
 w - 2 potions of invisibility {unknown}
 x - 2 potions of flight {unknown}
 z - a potion of ambrosia {unknown}
Books
 r - a book of Geomancy

   Spells                             Type                      Level
   a - Sandblast                      Earth                        1
   b - Passwall                       Transmutation/Earth          2
   c - Stone Arrow                    Conjuration/Earth            3
   d - Petrify                        Transmutation/Earth          4
   e - Lee's Rapid Deconstruction     Earth                        5
 F - a book of Battle

   Spells                             Type                      Level
   a - Infusion                       Charms                       1
   b - Shroud of Golubria             Charms/Translocation         2
   c - Song of Slaying                Charms                       2
   d - Spectral Weapon                Hexes/Charms                 3
   e - Regeneration                   Charms/Necromancy            3
 G - a book of Enchantments

   Spells                             Type                      Level
   a - Cause Fear                     Hexes                        4
   b - Yara's Violent Unravelling     Hexes/Transmutation          5
   c - Silence                        Hexes/Air                    5
   d - Deflect Missiles               Charms/Air                   6
   e - Discord                        Hexes                        8
Miscellaneous
 H - a crystal ball of energy
Comestibles
 f - 22 rations


   Skills:
 + Level 6.9(6.4) Fighting
 + Level 9.6(9.2) Long Blades
 + Level 8.4(8.0) Armour
 + Level 3.0(2.6) Dodging
 + Level 1.0(0.7) Stealth
 + Level 8.1(7.7) Shields
 + Level 0.8(0.4) Invocations
 + Level 0.6(0.3) Evocations


You had 10 spell levels left.
You didn't know any spells.

Dungeon Overview and Level Annotations

Branches:
Dungeon (10/15)            Temple (0/1) D:7            Lair (0/6) D:9
    Orc (1/2) D:10

Altars:
Ashenzari
Elyvilon
Hepliaklqana
Okawaru
Ru
Uskayaw
Xom
The Shining One

Shops:
D:4 (   D:7 ([   D:8 [


Innate Abilities, Weirdness & Mutations

You have hoof-like feet.
You are partially covered in slimy green scales. (AC +2)
You are slightly more attuned to the shadows.
You sometimes gain a little power by taking damage.


Message History

You kick the orc sorcerer, but do no damage.
The orc sorcerer is almost dead.
You block the warg's attack.
The orc sorcerer hits you but does no damage.
The warg bites you but does no damage.
You closely miss the orc sorcerer. You kick the orc sorcerer.
The orc sorcerer is almost dead.
You block the warg's attack.
The orc sorcerer gestures at you while chanting.
The bolt of fire hits you!
* * * LOW HITPOINT WARNING * * *
Unknown command.
You hit the orc sorcerer.
You kill the orc sorcerer!
Okawaru is honoured by your kill.
The hellwing disappears in a puff of smoke! x2
You block the warg's attack. The warg barely misses you.
Unknown command.
The warg bites you.
You die...

.............................#.#
##..........#†......###.######.#
#....>.....#†###..####.# #.##
#...........†..........# #.##
#............###.......# #.##
#...###.##.### #.......### ##.##
##.###..##.# ####....#...# #..##
###.....###.###>##......#.###.##
..#...#####..##h@[[#.)#.....#.#
#..................#..##..#.#.#
.....##............##.###...#.#
.........#.####.[.....####..#.#
............##....##...###..#.#
##.......#.÷#..##.......##....###
##...#.........##.......###.#..##
##..####......<.........[........
.....####.#..#..>.......###......


You could see a warg.

Vanquished Creatures
  Josephine (Orc:1)
  2 two-headed ogres
  The ghost of Oravi the Transmogrifier, a novice MfTm of Qazlal (D:7)
  An orc sorcerer (D:10)
  A hippogriff (D:10)
  Sigmund (D:5)
  3 wraiths (D:10)
  Duvessa (D:5)
  3 orc warriors
  2 phantoms
  3 sky beasts
  An eye of draining (D:8)
  An ice beast (D:4)
  6 ogres
  2 centaurs
  4 big kobolds
  A crocodile (D:8)
  7 bullfrogs
  Dowan (D:5)
  6 scorpions
  8 wights
  A vampire bat (D:4)
  3 howler monkeys
  A bullfrog zombie (D:5)
  5 crimson imps
  3 jellies
  2 hounds
  11 orc wizards
  A gnoll shaman (D:6)
  5 orc priests
  2 bullfrog skeletons
  3 centaur skeletons
  3 iguanas
  11 worker ants
  A hound skeleton (D:9)
  A worker ant zombie (D:6)
  7 gnolls
  9 adders
  2 shadow imps
  An adder zombie (D:4)
  An adder skeleton (D:5)
  3 worms
  A dart slug (D:1)
  3 fire bats (D:4)
  4 leopard geckos
  18 orcs
  2 spectral bats (D:4)
  16 bats
  3 bat skeletons (D:4)
  A bat zombie (D:4)
  9 giant cockroaches
  9 goblins
  11 hobgoblins
  11 jackals
  18 kobolds
  7 quokkas
  2 ball pythons
  A bat simulacrum (D:4)
  5 frilled lizards
  A jackal skeleton (D:8)
  2 leopard gecko skeletons (D:6)
  A leopard gecko zombie (D:4)
  7 rats
264 creatures vanquished.

Vanquished Creatures (others)
  A sky beast (D:8)
  A quokka (D:2)
2 creatures vanquished.

Grand Total: 266 creatures vanquished

Notes
Turn   | Place    | Note
-------+----------+-------------------------------------------
     0 | D:1      | Peloso the Demonspawn Fighter began the quest for the Orb.
     0 | D:1      | Reached XP level 1. HP: 18/18 MP: 1/1
    68 | D:1      | Reached skill level 2 in Long Blades
    68 | D:1      | Gained mutation: You are partially covered in slimy green scales. (AC +2) [demonic ancestry]
    68 | D:1      | Reached XP level 2. HP: 10/24 MP: 2/2
   588 | D:2      | Reached XP level 3. HP: 11/29 MP: 3/3
   913 | D:2      | Found a white marble altar of Elyvilon.
   949 | D:2      | Reached skill level 1 in Dodging
   966 | D:2      | Gained mutation: You have large cloven feet. [demonic ancestry]
   966 | D:2      | Reached XP level 4. HP: 8/35 MP: 4/4
  1941 | D:2      | Reached skill level 3 in Long Blades
  2184 | D:3      | Gained mutation: You are slightly more attuned to the shadows. [demonic ancestry]
  2184 | D:3      | Reached XP level 5. HP: 38/42 MP: 5/5
  2231 | D:3      | Found a shattered altar of Ashenzari.
  2580 | D:3      | Found a glowing golden altar of the Shining One.
  2971 | D:4      | Gained mutation: You have hoof-like feet. [demonic ancestry]
  2971 | D:4      | Reached XP level 6. HP: 26/48 MP: 6/6
  3332 | D:4      | Noticed an ice beast
  3334 | D:4      | Reached skill level 4 in Long Blades
  3347 | D:4      | Killed an ice beast
  3350 | D:4      | Reached XP level 7. HP: 4/54 MP: 7/7
  3633 | D:4      | Found Lyddaw's Antique Weapon Shoppe.
  4008 | D:5      | Entered Level 5 of the Dungeon
  4342 | D:4      | Reached XP level 8. HP: 26/61 MP: 8/8
  4751 | D:5      | Noticed Duvessa
  4751 | D:5      | Noticed Dowan
  4758 | D:5      | Killed Duvessa
  4758 | D:5      | Reached skill level 5 in Long Blades
  4758 | D:5      | Reached skill level 5 in Shields
  4763 | D:5      | Killed Dowan
  4790 | D:5      | Noticed Sigmund
  4818 | D:5      | Killed Sigmund
  4818 | D:5      | Reached skill level 5 in Fighting
  4818 | D:5      | Reached skill level 5 in Armour
  5353 | D:6      | Reached skill level 6 in Long Blades
  5681 | D:6      | Reached XP level 9. HP: 55/68 MP: 9/9
  5839 | D:6      | Found an iron altar of Okawaru.
  5842 | D:6      | Became a worshipper of Warmaster Okawaru
  5926 | D:6      | Found a hide-covered altar of Uskayaw.
  6470 | D:6      | Found a shimmering altar of Xom.
  6953 | D:7      | Found Tiucer's Weapon Shop.
  6984 | D:7      | Noticed Oravi's ghost (novice MfTm)
  7064 | D:7      | Killed Oravi's ghost
  7064 | D:7      | Reached * piety under Okawaru
  7064 | D:7      | Reached skill level 7 in Long Blades
  7297 | D:7      | Found Umyuma Wifa's Antique Armour Shoppe.
  7376 | D:7      | Bought a transparent shield for 275 gold pieces
  7390 | D:7      | Identified the +2 shield of the Slorg {Dex+3 Stlth+} (You bought it in a shop on level 7 of the Dungeon)
  7475 | D:7      | Noticed a two-headed ogre
  7490 | D:7      | Killed a two-headed ogre
  7490 | D:7      | Reached ** piety under Okawaru
  7490 | D:7      | Reached skill level 8 in Long Blades
  7490 | D:7      | Reached skill level 1 in Stealth
  7644 | D:7      | Found a staircase to the Ecumenical Temple.
  8062 | D:8      | Reached XP level 10. HP: 76/76 MP: 7/10
  8081 | D:8      | Reached *** piety under Okawaru
  8107 | D:8      | Noticed a two-headed ogre
  8116 | D:8      | HP: 3/76 [two-headed ogre/giant club (17)]
  8133 | D:8      | Killed a two-headed ogre
  8342 | D:8      | Found Ytwena's Antique Armour Boutique.
  9228 | D:8      | Found a hazy altar of Hepliaklqana.
  9563 | D:9      | Reached skill level 9 in Long Blades
  9797 | D:9      | Found a staircase to the Lair.
 10111 | D:10     | Entered Level 10 of the Dungeon
 10114 | D:10     | Got a jewelled lajatang
 10189 | D:10     | Reached **** piety under Okawaru
 10441 | D:10     | Found a staircase to the Orcish Mines.
 10590 | D:10     | Found a sacrificial altar of Ru.
 10832 | Orc:1    | Entered Level 1 of the Orcish Mines
 10984 | Orc:1    | Noticed Josephine
 11006 | Orc:1    | Killed Josephine
 11006 | Orc:1    | Gained mutation: You sometimes gain a little power by taking damage. [demonic ancestry]
 11006 | Orc:1    | Reached XP level 11. HP: 63/83 MP: 9/11
 11021 | Orc:1    | Noticed an orc high priest
 11465 | Orc:1    | Noticed an orc sorcerer
 11674 | Orc:1    | Noticed a sun demon
 11694 | D:10     | Killed an orc sorcerer
 11695 | D:10     | Slain by a warg

Skill      XL: |  1  2  3  4  5  6  7  8  9 10 11 |
---------------+----------------------------------+-----
Long Blades    | 2 3 4 6 8 9 |  9.6
Armour         | 3 4 5 6 8 |  8.4
Shields        | 3 4 5 6 7 8 |  8.1
Dodging        | 1 2 3 |  3.0
Fighting       | 4 5 6 |  6.9
Stealth        | 1 |  1.0
Invocations    | |  0.8
Evocations     | |  0.6

Action                   |  1- 3 |  4- 6 |  7- 9 | 10-12 || total
-------------------------+-------+-------+-------+-------++-------
Melee: Long sword        |   108 |   204 |   479 |   425 ||  1216
       Kick              |       |    62 |   153 |   174 ||   389
Invok: Heroism           |       |       |     1 |     7 ||     8
Evoke: Wand              |       |       |     4 |       ||     4
  Use: Scroll            |       |       |    14 |     1 ||    15
       Potion            |       |       |     2 |     2 ||     4
  Eat: Chunk             |       |     5 |    14 |     6 ||    25
       Ration            |       |     1 |       |     2 ||     3
Armor: Scale mail        |    59 |   104 |    97 |       ||   260
       Plate armour      |       |       |   247 |   200 ||   447
Dodge: Dodged            |    36 |    73 |   114 |    98 ||   321
Block: Shield            |    84 |   104 |   294 |   257 ||   739
       Rpst.: Long sword |     6 |    26 |    33 |    28 ||    93
